 Dungeon Crawl Stone Soup version 0.21-a0-584-g185da8e (webtiles) character file.

100 KristoblXynda the Chopper (level 4, -3/36 HPs)
             Began as a Draconian Gladiator on Dec 20, 2017.
             Was an Initiate of Cheibriados.
             Slain by an orc priest
             ... wielding a +0 morningstar
              (10 damage)
             ... on level 3 of the Dungeon.
             The game lasted 00:03:17 (2174 turns).

KristoblXynda the Chopper (Draconian Gladiator)     Turns: 2174, Time: 00:03:18

Health: -3/36      AC:  6    Str: 18    XL:     4   Next: 46%
Magic:  4/4        EV: 13    Int: 10    God:    Cheibriados [......]
Gold:   122        SH:  0    Dex: 13    Spells: 3/3 levels left

rFire    . . .     SeeInvis .   a - +0 war axe
rCold    . . .     Gourm    .   (no shield)
rNeg     . . .     Faith    .   (armour unavailable)
rPois    .         Spirit   .   b - +0 hat
rElec    .         Reflect  .   (no cloak)
rCorr    +         Harm     .   h - +0 pair of gloves
MR       .....                  (no boots)
Stlth    +.........             (no amulet)
HPRegen  0.12/turn              f - ring of resist corrosion
MPRegen  0.09/turn              (no ring)

@: very slow
A: unfitting armour, cold-blooded, AC +5
a: Bend Time, Renounce Religion


You were on level 3 of the Dungeon.
You worshipped Cheibriados.
Cheibriados was noncommittal.
You were not hungry.

You visited 1 branch of the dungeon, and saw 3 of its levels.

You collected 122 gold pieces.

Inventory:

Hand Weapons
 a - a +0 war axe (weapon)
Missiles
 c - 2 throwing nets (quivered)
Armour
 b - a +0 hat (worn)
 h - a +0 pair of gloves (worn)
Jewellery
 f - a ring of resist corrosion (left hand)
Scrolls
 e - a scroll of magic mapping {unknown}
 g - a scroll of remove curse {unknown}
 i - a scroll of identify
 k - a scroll of fear {unknown}
 m - a scroll of amnesia {unknown}
Potions
 j - 2 potions of haste
Comestibles
 d - 5 rations
 l - 2 chunks of flesh


   Skills:
 - Level 2.1 Fighting
 * Level 3.9 Axes
 + Level 2.8 Throwing
 + Level 3.5 Dodging


You had 3 spell levels left.
You didn't know any spells.

Dungeon Overview and Level Annotations

Branches:
Dungeon (3/15)

Altars:
Cheibriados
Nemelex Xobeh
Qazlal
Xom

Annotations:
D:3 Grinder


Innate Abilities, Weirdness & Mutations

Your plain brown scales are hard. (AC +5)
You cannot fit into any form of body armour.
You are cold-blooded and may be slowed by cold attacks.


Message History

You closely miss the orc. The orc misses you. The orc hits you with a mace.
You closely miss the orc. The orc hits you with a mace.
You barely miss the orc. The orc barely misses you.
You slash the orc!
You kill the orc!
Cheibriados appreciates the change of pace.
You closely miss the frilled lizard.
The orc priest mumbles some strange prayers to Beogh against you.
Beogh smites you!
* * * LOW HITPOINT WARNING * * *
The frilled lizard closely misses you.
Okay, then.
Throwing (i - inventory):
c - 3 throwing nets (quivered)
Press: ? - help, Shift-Dir - straight line, f - orc priest
Aim: an orc priest, wielding a morningstar You throw a throwing net.
The throwing net barely misses the orc priest.
The frilled lizard closely misses you.
The orc priest hits you with a morningstar!
You die...

#....⌠.(.......# ##
#..............# #..
##._..._)......## #.#
#.......##.#.#.###.#
###...####.#.#...#.#
####..####.#.#.#.#.#
#..........#.#.#.#.#
#.##########.#......
#..@o.....(#.#####..
.......l######.##.#......
.######.# #.####. ..#
#... .### ######... ..
#.......# .. #.#####.#
#.. #.# #.#


You could see an orc priest and a frilled lizard.

Vanquished Creatures
  4 adders
  A gnoll (D:1)
  A worm (D:2)
  3 dart slugs
  A leopard gecko (D:2)
  3 orcs (D:3)
  A ball python (D:2)
  11 bats
  2 goblins
  8 hobgoblins
  4 kobolds
  3 rats
42 creatures vanquished.

Notes
Turn   | Place    | Note
-------+----------+-------------------------------------------
     0 | D:1      | KristoblXynda the Draconian Gladiator began the quest for the Orb.
     0 | D:1      | Reached XP level 1. HP: 17/17 MP: 1/1
   147 | D:1      | Reached XP level 2. HP: 20/24 MP: 2/2
   861 | D:2      | Reached XP level 3. HP: 29/29 MP: 3/3
  1762 | D:2      | Reached XP level 4. HP: 32/36 MP: 4/4
  1785 | D:3      | Noticed Grinder
  1787 | D:3      | Paralysed by Grinder for 6 turns
  2017 | D:3      | Found a snail-covered altar of Cheibriados.
  2017 | D:3      | Found a sparkling altar of Nemelex Xobeh.
  2021 | D:3      | Found a shimmering altar of Xom.
  2021 | D:3      | Found a stormy altar of Qazlal.
  2125 | D:3      | Became a worshipper of Cheibriados the Contemplative
  2174 | D:3      | Slain by an orc priest

Vault maps used:
D:1:      minmay_arrival_loop
D:2:      serial_curves, eino_curves_02, eino_curves_03
D:3:      grunt_temple_overflow_open, nicolae_overflow_crystal_walls,
          uniq_grinder

Skill      XL: |  1  2 |
---------------+-------+-----
Throwing       | 2 |  2.8
Dodging        | 3 |  3.5
Fighting       | |  2.1
Axes           | |  3.9

Action                   |  1- 3 |  4- 6 || total
-------------------------+-------+-------++-------
Melee: War axe           |    96 |    27 ||   123
       Tailslap          |     7 |     6 ||    13
Throw: Throwing net      |       |     1 ||     1
  Use: Potion            |     2 |       ||     2
       Scroll            |       |     1 ||     1
  Eat: Chunk             |     2 |       ||     2
       Ration            |       |     1 ||     1
Armor: Skin              |    41 |    18 ||    59
Dodge: Dodged            |   113 |    20 ||   133

Table legend:
 A = Spawn XP
 B = Non-spawn XP
 C = Spawn XP percentage of total XP
 D = Spawn monster count
 E = Non-spawn monster count
 F = Spawn count percentage of total count
 G = Total turns spent on level
                    A         B        C        D         E        F      G
               +---------+---------+-------+---------+---------+-------+---------
         Total |       0 |     143 |   0.0 |       0 |      42 |   0.0 |  2174
               +---------+---------+-------+---------+---------+-------+---------
           D:1 |       0 |      34 |   0.0 |       0 |      11 |   0.0 |   759
           D:2 |       0 |      83 |   0.0 |       0 |      24 |   0.0 |  1193
           D:3 |       0 |      26 |   0.0 |       0 |       7 |   0.0 |   222
               +---------+---------+-------+---------+---------+-------+---------
